 Dungeon Crawl Stone Soup version 0.17-a0-854-g4a4ba72 (webtiles) character file.

122 FedoraBrony69 the Skirmisher (level 4, -1/41 HPs)
             Began as a Minotaur Fighter on Apr 28, 2015.
             Slain by an orc
             ... wielding a +0 trident
              (3 damage)
             ... on level 4 of the Dungeon.
             The game lasted 00:02:40 (1916 turns).

FedoraBrony69 the Skirmisher (Minotaur Fighter)     Turns: 1916, Time: 00:02:40

Health: -1/41      AC:  8    Str: 22    XL:     4   Next: 78%
Magic:  3/3        EV:  7    Int:  7    God:
Gold:   310        SH:  9    Dex:  9    Spells: 0 memorised, 3 levels left

rFire  . . .     SeeInvis .     a - +0 flail
rCold  . . .     Clarity  .     b - +0 scale mail
rNeg   . . .     SustAb   .     c - +0 shield
rPois  +         Gourm    .     (helmet restricted)
rElec  .         Spirit   .     (no cloak)
rCorr  .         Warding  .     u - +0 pair of gloves
rMut   .         Stasis   +     (no boots)
MR     .....                    q - amulet of stasis
Stlth  ..........               (no ring)
                                k - ring of poison resistance

@: not resistant to hostile enchantments, extremely unstealthy
A: retaliatory headbutt, horns 2, clever 1
a: no special abilities


You were on level 4 of the Dungeon.
You were very hungry.

You visited 1 branch of the dungeon, and saw 4 of its levels.

You collected 310 gold pieces.

Inventory:

Hand weapons
 a - a +0 flail (weapon)
Armour
 b - a +0 scale mail (worn)
 c - a +0 shield (worn)
 u - a +0 pair of gloves (worn)
Jewellery
 k - a ring of poison resistance (left hand)
 q - an amulet of stasis (around neck)
Scrolls
 f - 9 scrolls of remove curse {unknown}
 m - 5 scrolls of identify {unknown}
 o - a scroll of fog {unknown}
 p - 2 scrolls of magic mapping {unknown}
 s - a scroll of immolation {unknown}
 t - a scroll of enchant armour {unknown}
 w - a scroll of teleportation {unknown}
 x - a scroll of blinking {unknown}
Potions
 d - a potion of might
 j - a potion of cure mutation {unknown}
 l - a potion of haste {unknown}
 r - a potion of poison {unknown}
 v - a potion of berserk rage {unknown}
Comestibles
 e - 2 bread rations
 g - a beef jerky
 h - a meat ration
 n - 3 fruits


   Skills:
 + Level 4.9 Fighting
 + Level 3.9 Maces & Flails
 - Level 3.6 Armour
 + Level 4.8 Shields


You had 3 spell levels left.
You didn't know any spells.

Dungeon Overview and Level Annotations

Branches:
Dungeon (4/15)
 Temple: D:4-7

Altars:
Nemelex Xobeh


Innate Abilities, Weirdness & Mutations

You reflexively headbutt those who attack you in melee.
You have a pair of horns on your head.
Your mind is acute. (Int +2)


Message History

The orc wizard gestures wildly while chanting.
The orc wizard flickers and vanishes!
Deactivating autopickup; reactivate with Ctrl-A.
You hit something but do no damage. The orc hits you.
* * * LOW HITPOINT WARNING * * *
Something hits you.
* * * LOW HITPOINT WARNING * * *
The orc hits you but does no damage. x2
You hear some strange, mumbled words.
You feel a wave of unholy energy pass over you.
You miss something. You headbutt something.
Reactivating autopickup.
You feel a bit more experienced. The orc hits you but does no damage.
You block the orc's attack.
Drink which item? (? for menu, Esc to quit)
It was a potion of beneficial mutation.
You feel clever.
You feel fantastic!
The orc hits you from afar with a trident.
You die...

#........#
#.###.#..#
#....####
#).....[+
#....####
##...#
#.#.#
#.####.#.#
#....>@).#
######o###
.o. .#.##
#.#.# #
#.. ###


You could see 2 orcs.

Vanquished Creatures
  An orc wizard (D:4)
  A worker ant (D:4)
  An adder (D:3)
  A worm (D:2)
  A giant gecko (D:1)
  2 orcs
  5 giant cockroaches
  9 hobgoblins
  4 jackals (D:2)
  5 kobolds
  3 bats
  2 giant newts
  11 goblins
  5 rats
51 creatures vanquished.

Vanquished Creatures (others)
  An orc (D:4)
1 creature vanquished.

Grand Total: 52 creatures vanquished

Notes
Turn   | Place    | Note
--------------------------------------------------------------
     0 | D:1      | FedoraBrony69, the Minotaur Fighter, began the quest for the Orb.
     0 | D:1      | Reached XP level 1. HP: 19/19 MP: 0/0
   199 | D:1      | Reached skill level 4 in Fighting
   211 | D:1      | Reached XP level 2. HP: 27/27 MP: 1/1
   618 | D:2      | Reached XP level 3. HP: 33/33 MP: 2/2
   930 | D:2      | Found a sparkling altar of Nemelex Xobeh.
  1859 | D:4      | Reached XP level 4. HP: 41/41 MP: 3/3
  1914 | D:4      | HP: 2/41 [something (2)]
  1916 | D:4      | Gained mutation: Your mind is acute. (Int +2) [potion of beneficial mutation]
  1916 | D:4      | Slain by an orc

Action                   |  1- 3 |  4- 6 || total
-------------------------+-------+-------++-------
Melee: Flail             |   131 |    19 ||   150
  Use: Potion            |       |     1 ||     1
  Eat: Chunk             |     2 |       ||     2
